 Dungeon Crawl Stone Soup version 0.31-a0-496-g6f97920a28 (webtiles) character file.

Game seed: 17377624056532159548

14 dinky3 the Sneak (level 2, 19/19 HPs)
             Began as a Vampire Enchanter on Aug 9, 2023.
             Was a Follower of Trog.
             Quit the game on level 2 of the Dungeon.
             The game lasted 00:02:45 (579 turns).

dinky3 the Sneak (Vampire Enchanter)                 Turns: 579, Time: 00:02:45

Health: 19/19      AC:  3    Str:  7    XL:     2   Next: 31%
Magic:  5/5        EV: 12    Int: 17    God:    Trog [*.....]
Gold:   22         SH:  0    Dex: 14    Spells: 3/5 levels left

rFire   . . .        a - +1 dagger
rCold   . . .        (no shield)
rNeg    . . .        b - +0 robe
rPois   .            (no helmet)
rElec   .            j - +0 cloak
rCorr   .            (no gloves)
SInv    +            (no boots)
Will    .....        (no amulet)
Stlth   +++          (no ring)
HPRegen 0.43/turn    (no ring)
MPRegen 0.09/turn

%: no passive effects
@: healing quickly
A: alive, fangs 3, see invisible, vampiric 1
a: Exsanguinate, Renounce Religion, Berserk


You were on level 2 of the Dungeon.
You worshipped Trog.
Trog was aware of your devotion.
You visited 1 branch of the dungeon, and saw 2 of its levels.

You collected 22 gold pieces.

Inventory:

Hand Weapons
 a - a +1 dagger (weapon)
Armour
 b - a +0 robe (worn)
 j - a +0 cloak (worn)
 k - a scarf of resistance
Jewellery
 h - a ring of fire
Scrolls
 e - a scroll of identify
 g - a scroll of revelation
 l - a scroll of immolation
Potions
 c - 2 potions of invisibility
 d - a potion of lignification
 f - a potion of curing {unknown}
 i - a potion of experience {unknown}


   Skills:
 + Level 2.0 Short Blades
 - Level 2.1 Dodging
 + Level 5.1 Stealth
 - Level 2.0 Spellcasting
 - Level 4.4 Hexes


You had 3 spell levels left.
You knew the following spells:

 Your Spells              Type           Power      Damage    Failure   Level
b - Ensorcelled Hibernat  Hex/Ice        18%        N/A       12%         2

Your spell library contained the following spells:

 Spells                   Type           Power      Damage    Failure   Level
 Confusing Touch          Hex            16%        N/A       10%         3
 Tukima's Dance           Hex            16%        N/A       10%         3
 Summon Small Mammal      Summ           4%         N/A       19%         1
 Dazzling Flash           Conj/Hex       18%        N/A       24%         3
 Summon Guardian Golem    Hex/Summ       9%         N/A       24%         3
 Call Canine Familiar     Summ           1%         N/A       50%         3


Dungeon Overview and Level Annotations

Branches:
Dungeon (2/15) Zot: 11424

Altars:
Trog


Innate Abilities, Weirdness & Mutations

Your natural rate of healing is accelerated.
You have razor-sharp teeth.
You have supernaturally acute eyesight. (SInv)
You are afflicted with vampirism.


Message History

Your Short Blades skill increases to level 2!
You hit the jackal.
The jackal is moderately wounded.
The jackal barely misses you.
You hit the jackal but do no damage.
The jackal is moderately wounded.
The jackal closely misses you. The jackal bites you.
You hit the jackal.
The jackal is severely wounded.
The jackal bites you.
You barely miss the jackal. Your bite misses the jackal.
The jackal is severely wounded.
The jackal bites you.
You hit the jackal but do no damage.
The jackal is severely wounded.
The jackal bites you.
You hit the jackal.
You kill the jackal!
You start memorising the spell.
You continue memorising. x2
You finish memorising.
Spell assigned to 'a'.
Adjust (i)tems, (s)pells, or (a)bilities?
Adjust which spell? a - Ensorcelled Hibernation Adjust to which letter? b - Ensorcelled Hibernation You are now empty-handed.
a - a +1 dagger (weapon)
HP restored.
There is a stone staircase leading up here.
Found a faded altar of an unknown god.
Found a scroll of identify.
Found 6 poisoned darts.
Found a stone staircase leading up.
e - a scroll of identify
There is a faded altar of an unknown god here.
This altar belongs to (a) Makhleb, (b) Ashenzari or (c) Trog, but you can't tell which.
Press the corresponding letter to learn more about a god, or press enter to convert or escape to cancel.
Trog accepts your prayer! Trog welcomes you!
You can now go berserk at will.
Are you sure you want to abandon this character and quit the game? (Confirm with "yes".)

#.# #.# #.#
#.#
#######.#####
#...........#
#..#.#..###.#
.....(.#.#.#.#
........#@#..#
....#..#.#.#.#
#..###..# #..#
.<# #.. ..# ##
## ##


There were no monsters in sight!

Vanquished Creatures
  A dart slug (D:1)
  A ball python (D:1)
  An endoplasm (D:1)
  A giant cockroach (D:1)
  A goblin (D:1)
  A hobgoblin (D:1)
  2 jackals (D:2)
  A quokka (D:1)
  A bat (D:1)
10 creatures vanquished.

Notes
Turn   | Place    | Note
-------+----------+-------------------------------------------
     0 | D:1      | dinky3 the Vampire Enchanter began the quest for the Orb.
     0 | D:1      | Reached XP level 1. HP: 13/13 MP: 3/3
   160 | D:1      | Reached skill level 5 in Stealth
   160 | D:1      | Reached XP level 2. HP: 19/19 MP: 5/5
   522 | D:2      | Learned a level 2 spell: Ensorcelled Hibernation
   567 | D:2      | Found a faded altar of an unknown god.
   578 | D:2      | Prayed at the altar of an unknown god.
   578 | D:2      | Became a worshipper of Trog the Wrathful
   578 | D:2      | Reached * piety under Trog
   579 | D:2      | Quit the game

Illustrated notes

Levels and vault maps discovered:
D:1:      dpeg_arrival_houses_and_road, layout_basic, minmay_misc_feat_enclosed,
          grunt_decor_cap, corner_web_ring, minmay_pentomino_t2
D:2:      wad_pebble_path, layout_loops_ring,
          chequers_ecumenical_altar_simple_redux, basic_altar, st_stairs_5,
          chequers_avenue

Skill      XL: |  1  2 |
---------------+-------+-----
Stealth        | 5 |  5.1
Short Blades   | 2 |  2.0
Dodging        | |  2.1
Spellcasting   | |  2.0
Hexes          | |  4.4

Action                     || total
---------------------------++-------
  Melee: Dagger            ||    37
         Bite              ||     1
    Use: Scroll            ||     3
   Stab: Sleeping          ||     3
 Armour: Robe              ||     7
  Dodge: Dodged            ||    18

Table legend: (Time is in decaauts)
 A = Elapsed time spent in this place.
 B = Non-inter-level travel time spent in this place.
 C = Inter-level travel time spent in this place.
 D = Time resting spent in this place.
 E = Time spent auto-exploring this place.
 F = Levels seen in this place.
 G = Mean time per level.
                   A        B        C        D        E       F      G
               +--------+--------+--------+--------+--------+-----+--------+
         Total |    575 |    493 |     82 |      0 |      0 |   2 |  287.5 |
       Dungeon |    575 |    493 |     82 |      0 |      0 |   2 |  287.5 |
               +--------+--------+--------+--------+--------+-----+--------+

Top non-repeatable levels by time:
     D:1: 485 daAuts
     D:2: 89 daAuts
